 Dungeon Crawl Stone Soup version 0.23-b1-67-g8bd44de8e4 (webtiles) character file.

Game seed: 5323163797792078464

67 Kisielow the Twirler (level 4, -6/26 HPs)
             Began as a Gargoyle Gladiator on Feb 5, 2019.
             Killed from afar by Natasha (9 damage)
             ... with a magic dart
             ... on level 2 of the Dungeon.
             The game lasted 00:01:28 (936 turns).

Kisielow the Twirler (Gargoyle Gladiator)            Turns: 936, Time: 00:01:29

Health: -6/26      AC:  7    Str: 18    XL:     4   Next: 16%
Magic:  4/4        EV: 12    Int: 14    God:
Gold:   29         SH:  0    Dex: 11    Spells: 3/3 levels left

rFire    . . .     SeeInvis .   a - +0 quarterstaff
rCold    . . .     Gourm    .   (shield currently unavailable)
rNeg     + . .     Faith    .   b - +0 leather armour
rPois    ∞         Spirit   .   c - +0 helmet
rElec    +         Reflect  .   (no cloak)
rCorr    .         Harm     .   (no gloves)
MR       .....                  (no boots)
Stlth    +.........             (no amulet)
HPRegen  0.08/turn              (no ring)
MPRegen  0.09/turn              (no ring)

@: brilliant, flying, slowed, very slow
A: negative energy resistance 1, electricity resistance, unbreathing,
petrification resistance, rot immunity, AC +3
a: no special abilities


You were on level 2 of the Dungeon.
You were not hungry.

You visited 1 branch of the dungeon, and saw 2 of its levels.

You collected 29 gold pieces.

Inventory:

Hand Weapons
 a - a +0 quarterstaff (weapon)
Missiles
 d - 3 throwing nets (quivered)
Armour
 b - a +0 leather armour (worn)
 c - a +0 helmet (worn)
Scrolls
 e - a scroll of immolation {unknown}
 g - a scroll of identify {unknown}
Potions
 j - a potion of might {unknown}
Comestibles
 f - a ration
 h - 3 chunks of flesh


   Skills:
 - Level 2.1 Fighting
 + Level 4.9 Staves
 - Level 1.7 Throwing
 - Level 2.4 Dodging


You had 3 spell levels left.
You didn't know any spells.
Your spell library was empty.

Dungeon Overview and Level Annotations

Branches:
Dungeon (2/15)

Altars:

Annotations:
D:2 Natasha


Innate Abilities, Weirdness & Mutations

You are resistant to torment.
Your stone body is resilient. (AC +3)
You are immune to poison.
You resist negative energy. (rN+)
You are resistant to electric shocks. (rElec)
You can survive without breathing.
You are immune to petrification.
You are immune to rotting.


Message History

You closely miss Natasha.
Natasha drinks a potion.
Natasha seems to speed up.
You thump Natasha!
Natasha is almost dead.
Natasha claws you.
* * * LOW HITPOINT WARNING * * *
Natasha misses you.
Natasha wildly gestures.
You feel disoriented. Natasha closely misses you.
It was a potion of brilliance.
You feel clever all of a sudden. Natasha misses you.
Natasha closely misses you.
It was a potion of flight.
You feel very buoyant.
You fly up into the air.
Natasha howls an incantation.
You feel troubled. Natasha casts a spell at you. The magic dart hits you!
You die...

###..<...########.###
............÷÷........###
..........########...(..####
..........# #..........
..........# #....÷.....
..........# ##.####....
..........# #####.........
..........#####.).........##
#######..@h...###.#######
#.....### #.# #.....# ###
#######


You could see Natasha.

Vanquished Creatures
  Natasha (twice) (D:2)
  A leopard gecko (D:1)
  2 giant cockroaches
  A hobgoblin (D:2)
  4 jackals (D:1)
  A kobold (D:2)
  4 bats
  A frilled lizard (D:2)
  2 rats (D:1)
18 creatures vanquished.

Notes
Turn   | Place    | Note
-------+----------+-------------------------------------------
     0 | D:1      | Kisielow the Gargoyle Gladiator began the quest for the
                  | Orb.
     0 | D:1      | Reached XP level 1. HP: 12/12 MP: 1/1
     2 | D:1      | Noticed an ice dragon
     2 | D:1      | Noticed a tentacled monstrosity
     8 | D:1      | Noticed an iron dragon
     9 | D:1      | Noticed a green draconian
    11 | D:1      | Noticed a shadow dragon
    11 | D:1      | Noticed a tentacled monstrosity
    13 | D:1      | Noticed an orb of fire
    13 | D:1      | Noticed a red draconian
    15 | D:1      | Noticed a large abomination
    17 | D:1      | Noticed an iron dragon
    17 | D:1      | Noticed a red draconian
    19 | D:1      | Noticed a large abomination
    19 | D:1      | Noticed a shadow dragon
    21 | D:1      | Noticed an orb of fire
   150 | D:1      | Reached XP level 2. HP: 15/17 MP: 2/2
   899 | D:2      | Noticed Natasha
   904 | D:2      | Noticed a crimson imp
   906 | D:2      | Noticed a crimson imp
   909 | D:2      | Killed Natasha
   909 | D:2      | Reached skill level 4 in Staves
   909 | D:2      | Reached XP level 3. HP: 13/21 MP: 3/3
   917 | D:2      | Noticed Natasha
   924 | D:2      | Killed Natasha
   924 | D:2      | Reached XP level 4. HP: 11/26 MP: 4/4
   928 | D:2      | Noticed Natasha
   936 | D:2      | Killed from afar by Natasha

Skill      XL: |  1  2 |
---------------+-------+-----
Staves         | 4 |  4.9
Fighting       | |  2.1
Throwing       | |  1.7
Dodging        | |  2.4

Action                   |  1- 3 |  4- 6 || total
-------------------------+-------+-------++-------
Melee: Quarterstaff      |    69 |     4 ||    73
  Use: Potion            |       |     2 ||     2
Armor: Leather armour    |    49 |       ||    49
Dodge: Dodged            |    58 |     6 ||    64
